 Dungeon Crawl Stone Soup version 0.22-a0-283-g1871b15 (webtiles) character file.

869 matakusis the Reanimator (level 7, -1/39 HPs)
             Began as a Deep Elf Necromancer on Mar 18, 2018.
             Slain by a killer bee (3 damage)
             ... on level 5 of the Dungeon.
             The game lasted 00:22:21 (6560 turns).

matakusis the Reanimator (Deep Elf Necromancer)     Turns: 6560, Time: 00:22:22

Health: -1/39      AC:  4    Str:  5    XL:     7   Next: 73%
Magic:  9/19       EV: 18    Int: 22    God:
Gold:   213        SH:  0    Dex: 20    Spells: 14/20 levels left

rFire    + . .     SeeInvis .   w - staff of earth
rCold    + . .     Gourm    .   (no shield)
rNeg     . . .     Faith    .   a - +0 robe
rPois    +         Spirit   .   (no helmet)
rElec    .         Reflect  .   k - scarf {rC+ rF+}
rCorr    +         Harm     .   (no gloves)
MR       .....                  f - +1 pair of boots
Stlth    +++.......             (no amulet)
HPRegen  0.13/turn              i - ring of resist corrosion
MPRegen  0.16/turn              x - ring of poison resistance

@: agile
A: fangs 1, robust 1
a: no special abilities


You were on level 5 of the Dungeon.
You were not hungry.

You visited 1 branch of the dungeon, and saw 5 of its levels.

You collected 213 gold pieces.

Inventory:

Missiles
 v - 17 stones (quivered)
Armour
 a - a +0 robe (worn)
 f - a +1 pair of boots (worn)
 k - a scarf of resistance (worn)
Magical Staves
 w - an uncursed staff of earth (weapon)
Jewellery
 i - a ring of resist corrosion (left hand)
 l - an uncursed ring of flight
 x - a ring of poison resistance (right hand)
Wands
 g - a wand of iceblast (7)
 p - a wand of flame (39)
Scrolls
 e - a scroll of teleportation
 q - a scroll of remove curse
 t - 2 scrolls of blinking
 u - a scroll of identify
Potions
 b - 2 potions of invisibility
 d - 2 potions of agility
 h - 2 potions of curing {unknown}
 j - 3 potions of brilliance
 m - 2 potions of might
 n - a potion of lignification {unknown}
 o - a potion of degeneration {unknown}
 s - a potion of ambrosia {unknown}
Comestibles
 c - 11 rations
 r - 2 chunks of flesh


   Skills:
 - Level 2.4 Dodging
 - Level 2.4 Stealth
 + Level 7.4 Spellcasting
 * Level 9.7 Necromancy


You had 14 spell levels left.
You knew the following spells:

 Your Spells              Type           Power        Failure   Level  Hunger
a - Pain                  Necr           ####         1%          1    None
b - Animate Skeleton      Necr           N/A          1%          1    None
c - Animate Dead          Necr           N/A          1%          4    ###....


Dungeon Overview and Level Annotations

Branches:
Dungeon (5/15)
 Temple: D:4-7

Altars:
Trog


Innate Abilities, Weirdness & Mutations

You have very sharp teeth.
You are robust. (+10% HP)


Message History

Aiming: Pain (safe; 1% risk of failure)
Press: ? - help, Shift-Dir - straight line, f - killer bee
Aim: a killer bee (chance to defeat MR: 89%)
The killer bee writhes in agony!
A killer bee comes into view.
Casting: Pain (safe; 1% risk of failure)
Confirm with . or Enter, or press ? or * to list all spells.
Aiming: Pain (safe; 1% risk of failure)
Press: ? - help, Shift-Dir - straight line, f/p - killer bee
Aim: a killer bee (moderately wounded, chance to defeat MR: 89%)
The killer bee writhes in agony!
The killer bee stings you.
* * * LOW HITPOINT WARNING * * *
The killer bee stings you!
* * * LOW HITPOINT WARNING * * *
A killer bee comes into view.
Okay, then.
It was a potion of agility.
You feel agile all of a sudden. The killer bee stings you.
You die...

.... .......##
....#.........#
..............
#...#.......# .
#...#........ ...# ..
#............ ##.....
y.##.#......#. #.+....
..yy..†....##. #.#.....
..###..#@##.##.###...# .
.....>.y.............# .
....##....#..........###.
....'.....#####...#......
....###..........#.......
... #.......)..#.......
.. #..........#Z[.....
#...#......#.......
#..........#..<.[).


You could see 4 killer bees.

Vanquished Creatures
  A sky beast (D:5)
  A centaur (D:5)
  A bullfrog (D:5)
  Blork the orc (D:4)
  A killer bee (D:5)
  A jelly (D:5)
  3 hounds
  3 orc wizards
  3 iguanas
  A worker ant (D:5)
  A hound skeleton (D:4)
  2 gnolls (D:5)
  4 adders
  3 worms (D:2)
  2 dart slugs (D:1)
  2 leopard geckos
  16 orcs
  4 bats
  4 giant cockroaches
  18 goblins
  14 hobgoblins
  5 frilled lizards
  18 kobolds
  A quokka skeleton (D:4)
  9 rats
119 creatures vanquished.

Vanquished Creatures (collateral kills)
  A worker ant (D:5)
  A worker ant zombie (D:5)
  A gnoll (D:5)
  An adder skeleton (D:4)
  A dart slug (D:1)
  An orc (D:5)
  A hobgoblin (D:5)
  A jackal zombie (D:5)
8 creatures vanquished.

Grand Total: 127 creatures vanquished

Notes
Turn   | Place    | Note
-------+----------+-------------------------------------------
     0 | D:1      | matakusis the Deep Elf Necromancer began the quest for the Orb.
     0 | D:1      | Reached XP level 1. HP: 10/10 MP: 6/6
     2 | D:1      | Learned a level 1 spell: Animate Skeleton
    61 | D:1      | Reached skill level 5 in Necromancy
   367 | D:1      | Reached XP level 2. HP: 12/15 MP: 2/8
  1067 | D:1      | Gained mutation: You have a pair of small horns on your head. [potion of mutation]
  1067 | D:1      | Gained mutation: Your muscles are strong. (Str +2) [potion of mutation]
  1068 | D:1      | Lost mutation: Your muscles are strong. (Str +2) [potion of mutation]
  1068 | D:1      | Lost mutation: You have a pair of small horns on your head. [potion of mutation]
  1068 | D:1      | Gained mutation: You are robust. (+10% HP) [potion of mutation]
  1068 | D:1      | Gained mutation: You have very sharp teeth. [potion of mutation]
  1146 | D:2      | Noticed a moth of wrath
  1151 | D:2      | Found a bloodstained altar of Trog.
  1155 | D:2      | Reached XP level 3. HP: 20/20 MP: 8/10
  1559 | D:2      | Reached skill level 6 in Necromancy
  1814 | D:2      | Reached XP level 4. HP: 13/26 MP: 0/12
  1918 | D:2      | Learned a level 4 spell: Animate Dead
  3208 | D:4      | Reached XP level 5. HP: 20/30 MP: 9/14
  3242 | D:4      | Reached skill level 5 in Spellcasting
  3242 | D:4      | Reached skill level 7 in Necromancy
  4440 | D:4      | Noticed a phantom
  4477 | D:4      | Reached XP level 6. HP: 29/35 MP: 10/16
  5041 | D:4      | Noticed Blork the orc
  5047 | D:4      | Killed Blork the orc
  5047 | D:4      | Reached skill level 8 in Necromancy
  5154 | D:5      | Entered Level 5 of the Dungeon
  5427 | D:5      | Noticed a sky beast
  5449 | D:5      | Killed a sky beast
  5449 | D:5      | Reached XP level 7. HP: 21/39 MP: 6/18
  5717 | D:5      | Reached skill level 9 in Necromancy
  6560 | D:5      | Slain by a killer bee

Vault maps used:
D:1:      minmay_arrival_solitary_statue, minivault_4, minmay_domino_4
D:2:      serial_corexii_hall, corexii_hall_statues_s, corexii_hall_statues_u,
          tgw_trog
D:3:      minivault_19, serial_bayou_ford_a
D:4:      kennysheep_the_goblin_king, first_ration, lemuel_flame_loot_1,
          uniq_blork_the_orc
D:5:      corexii_shantytown

Skill      XL: |  1  2  3  4  5  6  7 |
---------------+----------------------+-----
Necromancy     | 5 6 7 8 9 |  9.7
Spellcasting   | 4 5 6 7 |  7.4
Dodging        | |  2.4
Stealth        | |  2.4

Action                   |  1- 3 |  4- 6 |  7- 9 || total
-------------------------+-------+-------+-------++-------
Melee: Unarmed           |     2 |    58 |       ||    60
       Bite              |       |     4 |       ||     4
 Cast: Pain              |    71 |   104 |    89 ||   264
       Animate Skeleton  |     9 |     3 |     1 ||    13
       Animate Dead      |       |    15 |     8 ||    23
  Use: Scroll            |     9 |     3 |       ||    12
       Potion            |     5 |     1 |     1 ||     7
  Eat: Chunk             |     2 |    10 |     5 ||    17
       Ration            |       |     1 |       ||     1
Armor: Robe              |     2 |    22 |     2 ||    26
Dodge: Dodged            |    13 |    79 |    31 ||   123

Table legend:
 A = Spawn XP
 B = Non-spawn XP
 C = Spawn XP percentage of total XP
 D = Spawn monster count
 E = Non-spawn monster count
 F = Spawn count percentage of total count
 G = Total turns spent on level
                    A         B        C        D         E        F      G
               +---------+---------+-------+---------+---------+-------+---------
         Total |       0 |    1242 |   0.0 |       0 |     127 |   0.0 |  6560
               +---------+---------+-------+---------+---------+-------+---------
           D:1 |       0 |      40 |   0.0 |       0 |      21 |   0.0 |  1105
           D:2 |       0 |      76 |   0.0 |       0 |      28 |   0.0 |  1434
           D:3 |       0 |      52 |   0.0 |       0 |       7 |   0.0 |   929
           D:4 |       0 |     355 |   0.0 |       0 |      27 |   0.0 |  2119
           D:5 |       0 |     719 |   0.0 |       0 |      44 |   0.0 |   973
               +---------+---------+-------+---------+---------+-------+---------
